 Dungeon Crawl Stone Soup version 0.28-b1-1-g3c77fb2ed1 (webtiles) character file.

Game seed: 16175058155535531885

42 croobank the Sneak (level 3, 0/17 HPs)
             Began as a Felid Delver on Jan 30, 2022.
             Slain by a worm (11 damage)
             ... on level 2 of the Dungeon.
             The game lasted 00:06:45 (934 turns).

croobank the Sneak (Felid Delver)                    Turns: 934, Time: 00:06:45

Health: 0/17       AC:  1    Str: 10    XL:     3   Next: 35%
Magic:  4/4        EV: 18    Int: 11    God:
Gold:   54         SH:  0    Dex: 17    Spells: 2/2 levels left
                                        Lives:  0   Deaths: 0

rFire   . . .      SeeInvis +     - Unarmed
rCold   . . .      Faith    .   (shield unavailable)
rNeg    . . .      Spirit   .   (armour unavailable)
rPois   .          Reflect  .   (helmet unavailable)
rElec   .          Harm     .   (cloak unavailable)
rCorr   .          Rampage  .   (gloves unavailable)
Will    .....                   (boots unavailable)
Stlth   ++++......              b - amulet of regeneration
HPRegen 0.85/turn               (no ring)
MPRegen 0.09/turn               (no ring)

@: quick
A: very small, claws 1, fangs 3, see invisible, speed 1, shaggy fur 1, stealthy
paws, no weapons or thrown items, no armour, multi-lived
a: no special abilities


You were on level 2 of the Dungeon.
You visited 1 branch of the dungeon, and saw 5 of its levels.

You collected 54 gold pieces.

Inventory:

Jewellery
 b - an amulet of regeneration (around neck)
 f - an amulet of the acrobat
Wands
 e - a wand of digging (3)
Scrolls
 a - a scroll of fog
 c - a scroll of fear
 d - a scroll of identify {unknown}
 g - a scroll of silence {unknown}
 i - a scroll of teleportation {unknown}
 j - a scroll of blinking {unknown}
 k - a scroll of immolation {unknown}
Potions
 h - a potion of curing {unknown}


   Skills:
 + Level 3.3 Fighting
 + Level 3.1 Dodging
 + Level 7.5 Stealth
 + Level 2.2 Unarmed Combat


You had 2 spell levels left.
You didn't know any spells.
Your spell library was empty.

Dungeon Overview and Level Annotations

Branches:
Dungeon (5/15)
 Temple: D:4-7

Altars:

Shops:
D:1 *

Annotations:
D:3 Grinder


Innate Abilities, Weirdness & Mutations

You have sharp claws.
You have razor-sharp teeth.
You have supernaturally acute eyesight. (SInv)
You cover ground quickly. (Speed+)
You are covered in fur. (AC +1)
Your paws help you pounce on unaware monsters.
You are incapable of wielding weapons or throwing items.
You cannot wear armour.
You gain extra lives every three experience levels.


Message History

You kill the quokka!
Found a scroll labelled VOMUTS XA BAEGG.
Found a faded altar of an unknown god.
A kobold comes into view. It is wielding a +0 dagger.
You see here a scroll labelled VOMUTS XA BAEGG.
k - a scroll labelled VOMUTS XA BAEGG An endoplasm comes into view.
Why would you want to do that?
You scratch the endoplasm.
The endoplasm is heavily wounded.
The endoplasm barely misses you.
You scratch the endoplasm.
You kill the endoplasm!
A kobold is nearby!
You pounce on the unaware helpless kobold!
You mangle the kobold!!
You kill the kobold!
You barely miss the worm. You bite the worm.
The worm is moderately wounded.
The worm bites you.
You scratch the worm. You bite the worm.
The worm is heavily wounded.
You scratch the worm.
The worm is heavily wounded.
The worm misses you.
You scratch the worm.
The worm is severely wounded.
You scratch the worm but do no damage.
The worm is severely wounded.
The worm bites you.
You barely miss the worm.
The worm is severely wounded.
You scratch the worm but do no damage. Your bite misses the worm.
The worm is severely wounded.
The worm barely misses you.
You barely miss the worm.
The worm is severely wounded.
The worm bites you!
Ouch! That really hurt!
You die...

####...#...§.#.##..........######
.......≈....§≈§..........>....l..
###.#§.≈...≈.§#...........######
#..≈.≈.§§§..#............
#...≈.≈.≈§..#...........##
#...≈≈.§§§..#..)........#
#...≈≈_≈≈...#...#.###.#.#
#..≈.≈≈≈.≈..#w..#.# #.#.#
.#≈§≈≈.≈≈§≈#@...# #.#.#
##.#.§≈.§).#.##### #.≈§§.#.##
#.##.## #.....## ###.## #. #


You could see a worm.

Vanquished Creatures
  An adder (D:3)
  5 endoplasms
  A giant cockroach (D:1)
  6 goblins
  2 hobgoblins (D:1)
  2 kobolds
  3 quokkas
  3 ball pythons (D:1)
  A bat (D:1)
  4 frilled lizards
  2 rats (D:1)
30 creatures vanquished.

Notes
Turn   | Place    | Note
-------+----------+-------------------------------------------
     0 | D:5      | croobank the Felid Delver began the quest for the Orb.
     0 | D:5      | Reached XP level 1. HP: 10/10 MP: 2/2
    31 | D:4      | Noticed an iguana
    32 | D:4      | Noticed an iguana
    55 | D:3      | Noticed Grinder
    67 | D:3      | Reached skill level 7 in Stealth
    67 | D:3      | Reached XP level 2. HP: 9/14 MP: 3/3
    87 | D:2      | You fall into a shaft and drop 2 floors!
   509 | D:1      | Reached XP level 3. HP: 13/17 MP: 4/4
   783 | D:1      | Found Qosibeit's Assorted Antiques.
   893 | D:2      | Found a faded altar of an unknown god.
   934 | D:2      | Slain by a worm

Illustrated notes

Levels and vault maps discovered:
D:1:      matt_arrival_los_fun, layout_rooms, serial_shops, shop_statue,
          minmay_tree_intersection
D:2:      layout_basic, shapermc_ecumenical_altar_starsandcircs
D:3:      layout_loops_ring, minivault_25, uniq_grinder
D:4:      layout_cave_pools, ebering_ghost_sewer_f, minmay_diced_spiral
D:5:      layout_gridville, mainiacjoe_overflow_small_starburst,
          biasface_ghost_orc_armoury, uniq_blork_the_orc, uniq_sigmund

Skill      XL: |  1  2 |
---------------+-------+-----
Stealth        | 7 |  7.5
Dodging        | 3 |  3.1
Fighting       | |  3.3
Unarmed Combat | |  2.2

Action                   || total
-------------------------++-------
Melee: Unarmed           ||    75
       Punch             ||     3
       Bite              ||     4
  Use: Scroll            ||     1
       Potion            ||     1
 Stab: Sleeping          ||    10
Armor: Skin              ||     2
Dodge: Dodged            ||    44
